 Dungeon Crawl Stone Soup version 0.31-a0-210-gccc998df9b (webtiles) character file.

Game seed: 15880492231045956180

165 qw the Shooter (level 5, 0/41 HPs)
             Began as a Minotaur Hexslinger on June 29, 2023.
             Slain by a gnoll bouda
             ... wielding a +0 club
              (5 damage)
             ... on level 4 of the Dungeon.
             The game lasted 00:00:51 (2329 turns).

qw the Shooter (Minotaur Hexslinger)                Turns: 2329, Time: 00:00:51

Health: 0/41       AC:  7    Str: 12    XL:     5   Next: 22%
Magic:  5/5        EV: 11    Int: 10    God:
Gold:   246        SH:  0    Dex: 15    Spells: 5/6 levels left

rFire   . . .        Y - +2 sling
rCold   . . .        (no shield)
rNeg    . . .        d - +0 ring mail
rPois   .            (helmet restricted)
rElec   .            h - +1 cloak
rCorr   .            (no gloves)
SInv    .            (no boots)
Will    .....        (no amulet)
Stlth   +            (no ring)
HPRegen 0.26/turn    (no ring)
MPRegen 0.09/turn

%: no passive effects
@: weakened
A: horns 2, retaliatory headbutt
a: no special abilities


You were on level 4 of the Dungeon.
You visited 1 branch of the dungeon, and saw 4 of its levels.

You collected 246 gold pieces.


Innate Abilities, Weirdness & Mutations

You have a pair of horns on your head.
You reflexively headbutt those who attack you in melee.


   Skills:
 + Level 2.1 Fighting
 - Level 5.6 Ranged Weapons
 - Level 1.1 Armour
 - Level 2.1 Dodging
 - Level 1.0 Spellcasting
 - Level 2.0 Hexes


You had 5 spell levels left.
You knew the following spells:

 Your Spells              Type           Power      Damage    Failure   Level
a - Slow                  Hex            16%        N/A       34%         1

Your spell library contained the following spells:

 Spells                   Type           Power      Damage    Failure   Level
 Inner Flame              Hex/Fire       2%         N/A       83%         3
 Portal Projectile        Hex/Tloc       4%         N/A       83%         3
 Cause Fear               Hex            2%         N/A       98%         4

Inventory:

Hand Weapons
 Y - a +2 sling (weapon)
Armour
 d - a +0 ring mail (worn)
 h - a +1 cloak (worn)
Scrolls
 a - 3 scrolls of teleportation
Potions
 c - a potion of resistance {unknown}
 e - a potion of enlightenment {unknown}
 f - a potion of heal wounds {unknown}

Dungeon Overview and Level Annotations

Branches:
Dungeon (4/15)
 Temple: D:4-7

Altars:
Wu Jian

Portals:
Abyss: D:3

Annotations:
D:3 2 transporters


Message History

2322 ||| Stepping ~*~*~tactically~*~*~ (outnumbered).
A gnoll comes into view. It is wielding a +2 heavy flail.
Enter note:
Enter note: You shoot a sling bullet.
The sling bullet hits the gnoll bouda.
The gnoll bouda is heavily wounded.
You shoot a sling bullet.
The sling bullet barely misses the gnoll bouda.
The sling bullet barely misses the gnoll.
The gnoll bouda gazes fiercely through you!
You feel your attacks grow feeble. The gnoll bouda barely misses you.
You shoot a sling bullet. The sling bullet hits the gnoll bouda.
The gnoll bouda is severely wounded.
The gnoll bouda hits you with a +0 club.
You shoot a sling bullet.
The sling bullet barely misses the gnoll bouda.
The gnoll hits you with a +0 whip. The gnoll hits you with a +0 flail.
The gnoll bouda hits you with a +0 club.
You shoot a sling bullet.
The sling bullet barely misses the gnoll bouda.
The gnoll misses you. You furiously retaliate!
You headbutt the gnoll. The gnoll hits you with a +0 flail.
The gnoll bouda hits you with a +0 club.
You shoot a sling bullet.
The sling bullet hits the gnoll bouda but does no damage.
The gnoll bouda is severely wounded.
The gnoll barely misses you. The gnoll bouda closely misses you.
The gnoll barely misses you. The gnoll hits you with a +0 whip.
The gnoll hits you with a +0 flail.
You shoot a sling bullet.
The sling bullet barely misses the gnoll bouda.
Your attacks no longer feel as feeble.
The gnoll bouda gazes fiercely through you!
You feel your attacks grow feeble.
The gnoll bouda hits you with a +0 club.
The gnoll hits you with a +0 whip! The gnoll closely misses you.
The gnoll misses you. The gnoll hits you with a +0 flail.
The gnoll bouda hits you with a +0 club.
You die...

#..........#.........#
#..#..##...####'###..#
####%##########..##..##
#%.................>.
#....................
###'####..###..###..#
##.####.>###%.###..##
#........#..gg.......
#.<......#.gg@.......
#........#..gg.......
#####..###.####'########
#..##..###.## ..#
....[............
.................
..................
..................
...................


You could see a gnoll bouda and 5 gnolls.

Vanquished Creatures
  A scorpion (D:4)
  A jelly (D:3)
  An adder (D:3)
  5 dart slugs
  An orc (D:3)
  4 endoplasms
  2 giant cockroaches (D:1)
  5 goblins
  5 hobgoblins
  3 jackals (D:4)
  8 quokkas
  6 ball pythons
  2 bats
  2 frilled lizards
  4 kobolds
  2 rats
52 creatures vanquished.

Notes
Turn   | Place    | Note
-------+----------+-------------------------------------------
     0 | D:1      | qw the Minotaur Hexslinger began the quest for the Orb.
     0 | D:1      | Reached XP level 1. HP: 16/16 MP: 1/1
     0 | D:1      | 0 ||| qw: Version: 0.3-a-24-ga2abf7b
     0 | D:1      | 0 ||| qw: Game counter: 6947
     0 | D:1      | 0 ||| qw: Melee chars always use a shield: true
     0 | D:1      | 0 ||| qw: God list: Okawaru
     0 | D:1      | 0 ||| qw: Allow faded altars: false
     0 | D:1      | 0 ||| qw: Do Orc after clearing Dungeon:15 true
     0 | D:1      | 0 ||| qw: Do second Lair branch before Depths: true
     0 | D:1      | 0 ||| qw: Lair rune preference: random
     0 | D:1      | 0 ||| qw: Goals: Normal
     0 | D:1      | 0 ||| PLANNING D:1-11
   229 | D:1      | Reached skill level 3 in Ranged Weapons
   229 | D:1      | Reached XP level 2. HP: 23/23 MP: 2/2
   256 | D:1      | Found a faded altar of an unknown god.
   619 | D:1      | 619 ||| UPGRADING to +0 ring mail.
   629 | D:1      | 629 ||| DROPPING +0 robe.
   630 | D:1      | 630 ||| READING 4 scrolls labelled FAGEFO PENEZEIG.
   635 | D:1      | 635 ||| DROPPING scroll of poison.
   800 | D:2      | Reached XP level 3. HP: 29/29 MP: 3/3
   871 | D:2      | 871 ||| READING scroll labelled LUFO KAUPRERIE.
  1368 | D:2      | 1368 ||| UPGRADING to +0 cloak.
  1373 | D:2      | 1373 ||| READING scroll labelled DYKAIL SEDGH.
  1374 | D:2      | 1374 ||| READING scroll labelled ELLIAN TIQEFE.
  1375 | D:2      | 1375 ||| READING scroll labelled ZIDUETIRUM.
  1455 | D:3      | Reached skill level 4 in Ranged Weapons
  1563 | D:3      | Reached skill level 1 in Armour
  1638 | D:3      | Noticed an ancient zyme
  1650 | D:3      | Found a transporter.
  1650 | D:3      | Noticed a small abomination
  1662 | D:3      | Found a one-way gate to the infinite horrors of the Abyss.
  1681 | D:3      | Found a transporter.
  1865 | D:3      | Reached XP level 4. HP: 36/36 MP: 4/4
  1895 | D:3      | Found an ornate altar of the Wu Jian Council.
  2038 | D:3      | 2038 ||| READING 2 scrolls labelled FIRAXAMUSCH.
  2039 | D:3      | 2039 ||| READING scroll of enchant armour.
  2039 | D:3      | 2039 ||| ENCHANTING +0 cloak.
  2040 | D:3      | 2040 ||| DRINKING 3 lumpy brown potions.
  2145 | D:3      | 2145 ||| DROPPING 2 potions of berserk rage.
  2196 | D:4      | Noticed a scorpion
  2217 | D:4      | Killed a scorpion
  2218 | D:4      | Reached skill level 5 in Ranged Weapons
  2218 | D:4      | Reached XP level 5. HP: 26/41 MP: 5/5
  2322 | D:4      | 2322 ||| Stepping ~*~*~tactically~*~*~ (outnumbered).
  2329 | D:4      | HP: 7/41 [gnoll/+0 whip[a gnoll bouda] (8)]
  2329 | D:4      | Slain by a gnoll bouda

Levels and vault maps discovered:
D:1:      tekkud_arrival_beachfront_property, layout_rooms,
          hellmonk_ecumenical_altar_lost_god, amethyst_killhole
D:2:      layout_basic, serial_glass, glass_columns_b, glass_columns_a
D:3:      layout_basic, lemuel_doored_altar, gammafunk_ghost_abyssal_escape,
          serial_bayou_crossing
D:4:      layout_gridville, kennysheep_path_1, uniq_edmund

Skill      XL: |  1  2  3  4 |
---------------+-------------+-----
Ranged Weapons | 3 4 5 |  5.6
Fighting       | 2 |  2.1
Armour         | 1 |  1.1
Dodging        | |  2.1
Spellcasting   | |  1.0
Hexes          | |  2.0

Action                     |  1- 3 |  4- 6 || total
---------------------------+-------+-------++-------
   Fire: Sling             |   128 |    44 ||   172
    Use: Scroll            |     5 |     2 ||     7
         Potion            |       |     1 ||     1
 Armour: Ring mail         |     7 |    16 ||    23
  Dodge: Dodged            |    17 |    33 ||    50

Table legend:
 A = Non-vault XP
 B = Vault XP
 C = Vault XP percentage of total XP
 D = Non-vault monster count
 E = Vault monster count
 F = Vault count percentage of total count
                 A         B        C        D         E       F
            +---------+---------+-------+---------+---------+-------
      Total |     237 |       0 |   0.0 |      52 |       0 |   0.0
            +---------+---------+-------+---------+---------+-------
        D:1 |      31 |       0 |   0.0 |      18 |       0 |   0.0
        D:2 |      29 |       0 |   0.0 |      14 |       0 |   0.0
        D:3 |      78 |       0 |   0.0 |      14 |       0 |   0.0
        D:4 |      99 |       0 |   0.0 |       6 |       0 |   0.0
            +---------+---------+-------+---------+---------+-------
